 Dungeon Crawl Stone Soup version 0.19.1 (webtiles) character file.

463 esteth the Chopper (level 7, -5/53 HPs)
             Began as a Formicid Abyssal Knight on Dec 21, 2016.
             Was a Priest of Lugonu.
             Slain by an ogre
             ... wielding a +0 giant club
              (23 damage)
             ... on level 5 of the Dungeon.
             The game lasted 00:09:34 (2546 turns).

esteth the Chopper (Formicid Abyssal Knight)        Turns: 2546, Time: 00:09:34

Health: -5/53      AC:  7    Str: 18    XL:     7   Next: 29%
Magic:  8/8        EV: 12    Int: 15    God:    Lugonu [***...]
Gold:   214        SH:  0    Dex: 10    Spells: 0 memorised, 6 levels left

rFire  . . .     SeeInvis +     a - +2 hand axe
rCold  . . .     Gourm    .     e - +1 ring mail
rNeg   . . .     Faith    .     (no shield)
rPois  .         Spirit   .     (helmet unavailable)
rElec  .         Reflect  .     (no cloak)
rCorr  .         Harm     .     d - +0 pair of gloves
MR     .....                    (no boots)
Stlth  ..........               o - amulet of regeneration
                                w - +3 ring of intelligence
                                i - +2 ring of evasion

@: no status effects
A: permanent stasis, dig shafts and tunnels, four strong arms, antennae 3
a: Dig, Shaft Self, Depart the Abyss, Bend Space, Banish, Renounce Religion


You were on level 5 of the Dungeon.
You worshipped Lugonu.
Lugonu was most pleased with you.
You were hungry.

You visited 1 branch of the dungeon, and saw 5 of its levels.
You visited the Abyss 1 time.

You collected 214 gold pieces.

Inventory:

Hand Weapons
 a - a +2 hand axe (weapon)
Armour
 b - a +0 leather armour
 d - a +0 pair of gloves (worn)
 e - a +1 ring mail (worn)
 x - a +0 chain mail
Jewellery
 i - a +2 ring of evasion (left hand)
 o - an amulet of regeneration (around neck)
 w - a +3 ring of intelligence (right hand)
Wands
 p - a wand of hasting (5/9)
 r - a wand of random effects (32/48)
 v - a wand of digging (7/24)
Scrolls
 f - a scroll of noise {unknown}
 h - 4 scrolls of identify
 l - 3 scrolls of remove curse
 s - 2 scrolls of enchant armour
Potions
 j - a potion of haste
 k - 2 potions of heal wounds {unknown}
 m - a potion of curing
 n - a potion of cancellation {unknown}
 t - 2 potions of magic {unknown}
Comestibles
 c - 6 bread rations
 g - 3 meat rations
 q - a fruit
 u - a beef jerky


   Skills:
 - Level 3.7 Fighting
 * Level 6.8 Axes
 - Level 2.8 Armour
 - Level 1.1 Dodging
 - Level 2.5 Invocations


You had 6 spell levels left.
You didn't know any spells.

Dungeon Overview and Level Annotations

Branches:
Dungeon (5/15)
 Temple: D:4-7

Altars:
Elyvilon
Sif Muna
Uskayaw


Innate Abilities, Weirdness & Mutations

You are under a permanent stasis effect.
You can dig through walls and to a lower floor.
Your four strong arms can wield two-handed weapons with a shield.
You have a pair of large antennae on your head. (SInv)


Message History

The orc wizard gestures wildly while chanting.
The orc wizard blinks!
You hit the ogre.
The ogre is lightly wounded.
The ogre hits you with a giant club!
You hit the ogre.
The ogre is moderately wounded.
The ogre hits you with a giant club!
You hit the ogre.
The ogre is moderately wounded.
You completely miss the ogre.
The ogre is moderately wounded.
The ogre barely misses you.
You slash the ogre!
The ogre is severely wounded.
The ogre hits you with a giant club!
You hit the ogre.
The ogre is severely wounded.
The ogre hits you with a giant club!!
You die...

.............
...........o.
#...........
#.......##.#
.#.......##.#
..(......##.#
#{###.# ##O#..#
#@#)#.# #####.# #.#
#.# #.## #..#
##..###########
#####.............#
.......#.#########.#


You could see an ogre.

Vanquished Creatures
  An ice beast (D:4)
  A centaur (D:5)
  3 hounds
  A centaur skeleton (D:4)
  An orc wizard (D:5)
  A worker ant (D:3)
  3 adders
  4 oozes
  A worm (D:2)
  A dart slug (D:1)
  3 leopard geckos
  7 orcs
  7 bats
  6 giant cockroaches
  7 goblins
  2 hobgoblins
  4 quokkas
  A ball python (D:3)
  A ball python skeleton (D:4)
  6 frilled lizards
  2 kobolds
  A leopard gecko skeleton (D:4)
  A quokka skeleton (D:5)
  5 rats
70 creatures vanquished.

Notes
Turn   | Place    | Note
-------+----------+-------------------------------------------
     0 | Abyss:1  | esteth the Formicid Abyssal Knight began the quest for the Orb.
     0 | Abyss:1  | Reached XP level 1. HP: 18/18 MP: 2/2
    25 | Abyss:1  | Found a corrupted altar of Lugonu.
    32 | D:1      | Escaped the Abyss
   185 | D:1      | Reached skill level 1 in Dodging
   206 | D:1      | Reached XP level 2. HP: 15/24 MP: 3/3
   634 | D:2      | Reached XP level 3. HP: 24/29 MP: 4/4
   742 | D:2      | Found a hide-covered altar of Uskayaw.
  1161 | D:3      | Found a white marble altar of Elyvilon.
  1169 | D:3      | Reached ** piety under Lugonu
  1385 | D:3      | Reached XP level 4. HP: 37/37 MP: 5/5
  1440 | D:3      | Reached skill level 3 in Axes
  1578 | D:3      | Found a deep blue altar of Sif Muna.
  1587 | D:3      | Reached XP level 5. HP: 42/42 MP: 6/6
  1758 | D:4      | Reached skill level 4 in Axes
  2043 | D:4      | Reached skill level 5 in Axes
  2043 | D:4      | Reached XP level 6. HP: 42/48 MP: 7/7
  2272 | D:5      | Entered Level 5 of the Dungeon
  2298 | D:5      | Noticed an ice beast
  2325 | D:4      | Killed an ice beast
  2325 | D:4      | Reached skill level 6 in Axes
  2471 | D:5      | Reached XP level 7. HP: 34/53 MP: 8/8
  2485 | D:5      | Reached *** piety under Lugonu
  2546 | D:5      | Slain by an ogre

Skill      XL: |  1  2  3  4  5  6 |
---------------+-------------------+-----
Dodging        | 1 |  1.1
Axes           | 3 5 6 |  6.8
Fighting       | |  3.7
Armour         | |  2.8
Invocations    | |  2.5

Action                   |  1- 3 |  4- 6 |  7- 9 || total
-------------------------+-------+-------+-------++-------
Melee: Hand axe          |   107 |   109 |    33 ||   249
 Abil: Dig               |       |     3 |       ||     3
  Use: Scroll            |     4 |     4 |       ||     8
  Eat: Chunk             |     2 |     3 |       ||     5
Armor: Ring mail         |    51 |    43 |     4 ||    98
Dodge: Dodged            |    93 |    61 |    13 ||   167
